 Dungeon Crawl Stone Soup version 0.31-a0-154-g56bf346678 (webtiles) character file.

Game seed: 10104973180634850098

134 NotreDorf the Poker (level 5, -1/41 HPs)
             Began as a Merfolk Gladiator on June 11, 2023.
             Constricted to death by Ijyb (4 damage)
             ... on level 3 of the Dungeon.
             The game lasted 00:04:20 (1835 turns).

NotreDorf the Poker (Merfolk Gladiator)             Turns: 1835, Time: 00:04:21

Health: -1/41      AC:  5    Str: 17    XL:     5   Next: 17%
Magic:  0/7        EV: 11    Int:  7    God:
Gold:   104        SH:  0    Dex: 15    Spells: 7/7 levels left

rFire   . . .        a - +0 trident
rCold   . . .        (no shield)
rNeg    . . .        b - +0 leather armour
rPois   .            c - +0 helmet
rElec   .            (no cloak)
rCorr   .            q - +0 pair of gloves
SInv    .            (no boots)
Will    .....        o - amulet of guardian spirit
Stlth   +            (no ring)
HPRegen 0.26/turn    (no ring)
MPRegen 0.10/turn

%: guardian spirit
@: grasped by roots, constricted
A: (nimble swimmer 2), mertail
a: no special abilities


You were on level 3 of the Dungeon.
You visited 1 branch of the dungeon, and saw 3 of its levels.

You collected 104 gold pieces.

Inventory:

Hand Weapons
 a - a +0 trident (weapon)
 h - a +0 dagger of venom
 j - a +1 vampiric dagger
Missiles
 d - 5 throwing nets (quivered)
 e - a javelin
Armour
 b - a +0 leather armour (worn)
 c - a +0 helmet (worn)
 q - a +0 pair of gloves (worn)
Jewellery
 i - an amulet of the acrobat
 o - an amulet of guardian spirit (around neck)
Scrolls
 f - a scroll of magic mapping {unknown}
 g - 2 scrolls of identify {unknown}
 l - a scroll of butterflies {unknown}
 m - a scroll of noise {unknown}
 p - a scroll of teleportation {unknown}
Potions
 k - 2 potions of mutation {unknown}
 n - 2 potions of enlightenment {unknown}


   Skills:
 + Level 3.3 Fighting
 + Level 5.1 Polearms
 - Level 2.0 Throwing
 + Level 5.1 Dodging
 + Level 1.8 Spellcasting


You had 7 spell levels left.
You didn't know any spells.
Your spell library was empty.

Dungeon Overview and Level Annotations

Branches:
Dungeon (3/15)

Altars:
Elyvilon

Annotations:
D:3 Ijyb


Innate Abilities, Weirdness & Mutations

((You are very nimble when in or above water. (Stealth+, EV+, Speed+++)))
Your lower body shifts to a powerful aquatic tail in water.


Message History

Ijyb is unaffected.
The sleepcap is unaffected.
The grasping roots constrict you!
You hear an angry hiss. x2; You hear a shout!
You closely miss Ijyb.
Ijyb is moderately wounded.
The sleepcap releases spores at you.
You are engulfed in a cloud of soporific spores!
You fall asleep.
Ijyb hits you with a +0 dagger!
You wake up.
The grasping roots constrict you.
An adder comes into view.
The grasping roots release their grip on you.
You puncture Ijyb!
Ijyb is heavily wounded.
The sleepcap releases spores at you.
* * * LOW HITPOINT WARNING * * *
Ijyb hits you with a +0 dagger.
* * * LOW HITPOINT WARNING * * *
You hit Ijyb.
Ijyb is heavily wounded.
The sleepcap misses you. Ijyb closely misses you.
You hit Ijyb but do no damage.
Ijyb is heavily wounded.
The sleepcap completely misses you. Ijyb hits you but does no damage.
You hit Ijyb.
Ijyb is severely wounded.
The sleepcap barely misses you. Ijyb hits you but does no damage.
You hit Ijyb but do no damage.
Ijyb is severely wounded.
Ijyb hits you but does no damage. The sleepcap releases spores at you.
You are engulfed in a cloud of soporific spores!
You fall asleep.
The adder bites you but does no damage. The sleepcap releases spores at you!
You wake up.
* * * LOW HITPOINT WARNING * * *
You are engulfed in a cloud of soporific spores!
You are unaffected.
Ijyb zaps a wand.
The roots erupt in riotous growth!
The grasping roots grab you!
Ijyb is unaffected.
The sleepcap is unaffected.
The adder is unaffected.
The grasping roots constrict you.
You die...

##....... ....
#..###### ...#
#)## #..# #.# #
#..# ## #.# .#)#
#..#..# #.#
.....#.S#.######.#
......gfS#.......#
# #@#.##.###.# #
#.......##.# #
#### ###.##.###.#
##... #.##.# #..
.... #.##.# ###
.#.# #.##.# ##+#
.#.## #.##.#
##...## †...####.
#.##.###8...8##
†........ ...
.##...Sg..#


You could see a sleepcap, Ijyb, an adder and a ball python.

Vanquished Creatures
  A scorpion (D:3)
  3 adders (D:2)
  A worm (D:2)
  A dart slug (D:1)
  4 bats
  2 endoplasms
  2 giant cockroaches
  9 goblins
  2 hobgoblins (D:1)
  2 kobolds
  5 quokkas
  4 ball pythons
  3 frilled lizards
  5 rats (D:1)
44 creatures vanquished.

Vanquished Creatures (others)
  A dart slug (D:3)
  A jackal (D:3)
  A quokka (D:3)
3 creatures vanquished.

Grand Total: 47 creatures vanquished

Notes
Turn   | Place    | Note
-------+----------+-------------------------------------------
     0 | D:1      | NotreDorf the Merfolk Gladiator began the quest for the
                  | Orb.
     0 | D:1      | Reached XP level 1. HP: 16/16 MP: 1/1
    49 | D:1      | Reached XP level 2. HP: 20/23 MP: 2/2
   458 | D:1      | Reached skill level 1 in Spellcasting
   458 | D:1      | Reached XP level 3. HP: 28/28 MP: 4/4
  1155 | D:2      | Reached XP level 4. HP: 35/35 MP: 5/5
  1449 | D:3      | Noticed Ijyb
  1486 | D:3      | Noticed a scorpion
  1503 | D:3      | Killed a scorpion
  1504 | D:3      | Reached skill level 5 in Polearms
  1504 | D:3      | Reached skill level 5 in Dodging
  1504 | D:3      | Reached XP level 5. HP: 7/41 MP: 3/7
  1677 | D:3      | Found a white marble altar of Elyvilon.
  1835 | D:3      | Constricted to death by Ijyb

Illustrated notes

Levels and vault maps discovered:
D:1:      heliophobic_arrival_glass_houses, layout_basic
D:2:      layout_loops_cross
D:3:      layout_loops_ring, elyvilon_altar_4,
          shapermc_ecumenical_altar_hornbeckon, grunt_ministairs_7,
          amcnicky_mini_rare_corridor_liquid, uniq_ijyb

Skill      XL: |  1  2  3  4 |
---------------+-------------+-----
Spellcasting   | 1 |  1.8
Fighting       | 3 |  3.3
Polearms       | 5 |  5.1
Dodging        | 5 |  5.1
Throwing       | |  2.0

Action                     |  1- 3 |  4- 6 || total
---------------------------+-------+-------++-------
  Melee: Trident           |   102 |    59 ||   161
   Stab: Sleeping          |     1 |     1 ||     2
 Armour: Leather armour    |    19 |    23 ||    42
  Dodge: Dodged            |    54 |    42 ||    96

Table legend: (Time is in decaauts)
 A = Elapsed time spent in this place.
 B = Non-inter-level travel time spent in this place.
 C = Inter-level travel time spent in this place.
 D = Time resting spent in this place.
 E = Time spent auto-exploring this place.
 F = Levels seen in this place.
 G = Mean time per level.
                   A        B        C        D        E       F      G
               +--------+--------+--------+--------+--------+-----+--------+
         Total |   1829 |   1770 |     59 |    126 |   1324 |   3 |  609.7 |
       Dungeon |   1829 |   1770 |     59 |    126 |   1324 |   3 |  609.7 |
               +--------+--------+--------+--------+--------+-----+--------+

Top non-repeatable levels by time:
     D:1: 802 daAuts
     D:2: 675 daAuts
     D:3: 351 daAuts
